 Dungeon Crawl Stone Soup version 0.28.0-53-g5a82cb258f (webtiles) character file.

Game seed: 18285508786686280306

12509 SanguineChosen the Basher (level 11, 0/69 HPs)
             Began as a Gargoyle Fighter on June 29, 2022.
             Slain by a skeletal warrior
             ... wielding a +0 dire flail
              (3 damage)
             ... on level 10 of the Dungeon on June 30, 2022.
             The game lasted 01:18:05 (14309 turns).

SanguineChosen the Basher (Gargoyle Fighter)       Turns: 14309, Time: 01:18:06

Health: 0/69       AC: 20    Str: 23    XL:     11   Next: 94%
Magic:  11/11      EV: 14    Int: 10    God:
Gold:   40         SH: 15    Dex:  9    Spells: 10/10 levels left

rFire   . . .      SeeInvis .   h - +5 flail (protect)
rCold   . . .      Faith    .   w - +0 kite shield
rNeg    + . .      Spirit   .   b - +0 scale mail
rPois   ∞          Reflect  +   (no helmet)
rElec   +          Harm     .   (no cloak)
rCorr   .          Rampage  .   (no gloves)
Will    .....                   (no boots)
Stlth   ..........              D - amulet of reflection
HPRegen 0.21/turn               o - +4 ring of evasion
MPRegen 0.12/turn               v - +4 ring of protection

@: no status effects
A: sickness immunity, AC +8, negative energy resistance 1, electricity
resistance, torment resistance 1, petrification resistance
a: no special abilities


You were on level 10 of the Dungeon.
You visited 1 branch of the dungeon, and saw 10 of its levels.
You also visited: Sewer.

You collected 700 gold pieces.
You spent 660 gold pieces at shops.

Inventory:

Hand Weapons
 h - a +5 flail of protection (weapon)
 l - a +2 whip of freezing
Missiles
 d - a curare-tipped dart
 k - 5 datura-tipped darts
 m - 19 poisoned darts (quivered)
Armour
 b - a +0 scale mail (worn)
 c - a +0 buckler
 g - +0 steam dragon scales
 w - a +0 kite shield (worn)
Jewellery
 o - a +4 ring of evasion (left hand)
 v - a +4 ring of protection (right hand)
 x - a +4 ring of evasion
 D - an amulet of reflection (around neck)
Wands
 e - a wand of digging (6)
 u - a wand of polymorph (5)
Scrolls
 i - a scroll of teleportation
 j - a scroll of brand weapon {unknown}
 p - a scroll of fog {unknown}
 y - a scroll of noise {unknown}
 A - a scroll of vulnerability {unknown}
 B - a scroll of acquirement {unknown}
 C - a scroll of fear
Potions
 n - 4 potions of flight
 q - 2 potions of lignification
 s - a potion of brilliance


   Skills:
 + Level 8.4 Fighting
 + Level 11.3 Maces & Flails
 + Level 3.3 Throwing
 + Level 9.4 Armour
 + Level 5.1 Dodging
 + Level 1.7 Stealth
 * Level 9.1 Shields
 + Level 0.2 Evocations


You had 10 spell levels left.
You didn't know any spells.
Your spell library contained the following spells:

 Spells                   Type           Power      Damage    Failure   Level
 Corpse Rot               Necr/Air       0%         N/A       96%         2
 Poisonous Vapours        Pois/Air       0%         N/A       96%         2
 Call Canine Familiar     Summ           0%         N/A       99%         3
 Portal Projectile        Hex/Tloc       0%         N/A       99%         3
 Leda's Liquefaction      Hex/Erth       0%         N/A       100%        4


Dungeon Overview and Level Annotations

Branches:
Dungeon (10/15)            Temple (0/1) D:7           Sewer (visited)
   Lair: D:8-11         Orc: D:9-12

Altars:
Zin
Beogh

Shops:
D:8 =   D:10 ([


Innate Abilities, Weirdness & Mutations

You are immune to sickness and miasma.
Your stone body is resilient. (AC +8)
You are immune to poison.
You resist negative energy. (rN+)
You are resistant to electric shocks. (rElec)
You are resistant to unholy torment.
You are immune to petrification.


Message History

You block the centaur's attack.
The centaur shoots an arrow.
You reflect the arrow off an invisible shield around you!
The arrow hits the centaur!
The arrow freezes the centaur.
The centaur shoots an arrow.
You reflect the arrow off an invisible shield around you!
The arrow hits the centaur!
The arrow freezes the centaur.
You kill the centaur!
The centaur hits you with a +0 dagger! The centaur closely misses you.
You hit the centaur but do no damage.
The centaur hits you but does no damage.
You block the centaur's attack.
You sock the centaur!
The centaur is heavily wounded.
The centaur barely misses you.
The centaur kicks you but does no damage.
You block the centaur's attack. x2
You hit the centaur.
The centaur is heavily wounded.
The centaur hits you with a +0 dagger. You block the centaur's attack.
You sock the centaur!
The centaur is almost dead.
You block the centaur's attack. x2; The centaur closely misses you.
You block the centaur's attack.
You sock the centaur!
You kill the centaur!
You start resting.
A skeletal warrior comes into view. It is wielding a +0 dire flail.
Things that are here:
a +0 shortbow; 23 arrows You start resting.
There are monsters nearby!
The centaur warrior shoots an arrow.
The arrow hits you!
Things that are here:
a +0 shortbow; 23 arrows The centaur warrior shoots an arrow.
The arrow hits you!
* * * LOW HITPOINT WARNING * * *
The centaur warrior shoots an arrow.
The arrow hits you!
* * * LOW HITPOINT WARNING * * *
The skeletal warrior hits you with a +0 dire flail.
You die...

.## .# ..##...
...#.... .......
...... ..##... .....
.## #...# ## ####...#
## # #..#...#..#
#####... #...).....#
...........###.)@z...#
.#.....#
#......###...... .#
...$.#........# .....
.# .#..#..#..#..# ..#.
.# # ### #).#### .#
^.. #.. # ..... c.
....... ... ..###...
..###.. ..# ......


You could see a skeletal warrior and a centaur warrior.

Vanquished Creatures
  A boulder beetle (D:10)
  4 two-headed ogres
  A tengu warrior (D:10)
  An orc knight (D:9)
  Pikel (D:4)
  A komodo dragon (D:10)
  2 trolls
  3 hornets
  A wyvern (D:9)
  A shadow (D:10)
  6 yaks
  2 wraiths (D:10)
  A steam dragon (D:8)
  Menkaure (D:4)
  3 vampire mosquitoes (D:8)
  Edmund (D:5)
  2 water moccasins (D:9)
  A hornet zombie (D:6)
  4 orc warriors
  A sky beast (D:6)
  2 black bears (D:5)
  3 necrophages
  7 centaurs
  2 phantoms
  5 kobold brigands
  A gnoll sergeant (D:10)
  3 scorpions
  4 bullfrogs
  5 wights (D:8)
  4 howler monkeys
  6 centaur zombies
  2 jellies (D:6)
  2 bullfrog skeletons
  A centaur skeleton (D:6)
  A hound (D:7)
  4 orc priests
  2 gnoll shamans
  9 orc wizards
  2 iguanas
  A hound skeleton (D:5)
  14 gnolls
  7 adders
  3 river rats (Sewer)
  A white imp (D:5)
  3 dart slugs
  22 orcs
  9 ball pythons
  11 endoplasms
  2 giant cockroaches (D:3)
  12 goblins
  7 hobgoblins
  2 jackals (Sewer)
  7 quokkas
  5 bats
  4 frilled lizards
  20 kobolds
  7 rats
240 creatures vanquished.

Vanquished Creatures (collateral kills)
  A kobold (Sewer)
1 creature vanquished.

Vanquished Creatures (others)
  A vampire mosquito (D:8)
  8 fungi (D:5)
  A plant (D:10)
10 creatures vanquished.

Grand Total: 251 creatures vanquished

Notes
Turn   | Place    | Note
-------+----------+-------------------------------------------
     0 | D:1      | SanguineChosen the Gargoyle Fighter began the quest for the
                  | Orb.
     0 | D:1      | Reached XP level 1. HP: 14/14 MP: 1/1
     1 | D:1      | Noticed an electric eel
   170 | D:1      | Reached XP level 2. HP: 12/19 MP: 2/2
  1022 | D:1      | Found a faded altar of an unknown god.
  1071 | D:1      | Reached XP level 3. HP: 19/24 MP: 3/3
  2036 | D:3      | Reached XP level 4. HP: 29/29 MP: 4/4
  2207 | D:3      | Reached skill level 3 in Maces & Flails
  2587 | D:3      | Found a glowing drain.
  2591 | Sewer    | Entered a sewer
  2596 | Sewer    | Reached XP level 5. HP: 26/33 MP: 5/5
  2959 | Sewer    | Noticed a kobold brigand
  2982 | Sewer    | Noticed a kobold brigand
  2994 | Sewer    | Killed a kobold brigand
  2995 | Sewer    | Reached skill level 1 in Dodging
  3022 | Sewer    | Killed a kobold brigand
  3023 | Sewer    | Reached skill level 4 in Maces & Flails
  3023 | Sewer    | Reached XP level 6. HP: 9/38 MP: 6/6
  3297 | Sewer    | Found a glowing silver altar of Zin.
  4256 | D:4      | Reached XP level 7. HP: 40/44 MP: 7/7
  4504 | D:4      | Noticed Pikel
  4534 | D:4      | Killed Pikel
  4535 | D:4      | Reached skill level 6 in Maces & Flails
  4535 | D:4      | Reached skill level 5 in Armour
  4535 | D:4      | Reached skill level 1 in Stealth
  4535 | D:4      | Reached XP level 8. HP: 48/48 MP: 8/8
  4700 | D:4      | Noticed Menkaure
  4717 | D:4      | Killed Menkaure
  5053 | D:4      | Reached skill level 5 in Fighting
  5310 | D:4      | Found a glowing silver altar of Zin.
  5431 | D:5      | Entered Level 5 of the Dungeon
  5586 | D:5      | Reached skill level 7 in Maces & Flails
  5978 | D:5      | Noticed a two-headed ogre
  6079 | D:5      | Killed a two-headed ogre
  6080 | D:5      | Reached skill level 1 in Throwing
  6080 | D:5      | Reached skill level 5 in Shields
  6080 | D:5      | Reached XP level 9. HP: 7/55 MP: 9/9
  7114 | D:5      | Noticed Edmund
  7148 | D:5      | Killed Edmund
  7149 | D:5      | Reached skill level 8 in Maces & Flails
  9127 | D:7      | Reached XP level 10. HP: 40/61 MP: 10/10
  9384 | D:7      | Reached skill level 9 in Maces & Flails
 10400 | D:7      | Found a staircase to the Ecumenical Temple.
 10478 | D:8      | Found Cupyd's Jewellery Shoppe.
 11093 | D:8      | Bought a +4 ring of protection for 360 gold pieces
 11431 | D:9      | Noticed an orc knight
 11433 | D:9      | Found a runed translucent door.
 11460 | D:9      | Killed an orc knight
 11793 | D:9      | Noticed a two-headed ogre
 11830 | D:9      | Killed a two-headed ogre
 11831 | D:9      | Reached skill level 10 in Maces & Flails
 11855 | D:9      | Reached XP level 11. HP: 35/68 MP: 11/11
 12721 | D:10     | Entered Level 10 of the Dungeon
 12721 | D:10     | Found Gomib's Antique Armour Shop.
 13039 | D:10     | Noticed a tengu warrior
 13044 | D:10     | Noticed a boulder beetle
 13218 | D:10     | Found Ymemooss's Weapon Emporium.
 13269 | D:10     | Noticed a two-headed ogre
 13279 | D:10     | Killed a two-headed ogre
 13386 | D:10     | Noticed a tengu warrior
 13416 | D:10     | Killed a tengu warrior
 13817 | D:8      | Bought an amulet of reflection for 300 gold pieces
 13961 | D:10     | Killed a boulder beetle
 13962 | D:10     | Reached skill level 11 in Maces & Flails
 14232 | D:10     | Noticed a two-headed ogre
 14246 | D:10     | Killed a two-headed ogre
 14247 | D:10     | Reached skill level 5 in Dodging
 14252 | D:10     | Noticed a centaur warrior
 14303 | D:10     | Noticed a skeletal warrior
 14309 | D:10     | HP: 3/69 [centaur warrior/arrow (9)]
 14309 | D:10     | Slain by a skeletal warrior

Illustrated notes

Levels and vault maps discovered:
D:1:      arrival_aquarium_a, layout_loops_corners,
          shapermc_ecumenical_altar_ellora
D:2:      layout_basic
D:3:      layout_basic, gup_sewer_entry_spiral
D:4:      layout_basic, zin_scriptorium, uniq_pikel, uniq_menkaure
D:5:      layout_loops_ring, serial_aquarium, aquarium_bridge_square
          [aquarium_subvault_bridge, aquarium_subvault_wall,
          aquarium_subvault_window, aquarium_subvault_bridge],
          aquarium_bridge_island_small [aquarium_subvault_small_open,
          aquarium_subvault_bridge, aquarium_subvault_bridge,
          aquarium_subvault_bridge, aquarium_subvault_wall], aquarium_window_1,
          aquarium_window_fake, aquarium_window_1, aquarium_window_1,
          aquarium_view_2a, aquarium_view_2f, aquarium_balcony_3b,
          aquarium_pool_corner, uniq_edmund
D:6:      layout_gridville
D:7:      layout_loops_ring, minmay_temple_entry_fiery,
          chequers_serial_rivers_micro_b
D:8:      layout_basic, serial_shops,
          nicolae_shop_temple_entry_statues_fountains
D:9:      layout_small_grid, lightli_church_of_beogh
D:10:     hangedman_cross_cluster, layout_loops_ring, david_lair_generic,
          serial_shops, kennysheep_mini, kennysheep_little_box, shop

Skill      XL: |  1  2  3  4  5  6  7  8  9 10 11 |
---------------+----------------------------------+-----
Maces & Flails | 3 4 6 7 8 10 11 | 11.3
Armour         | 4 5 7 8 9 |  9.4
Shields        | 4 5 6 9 |  9.1
Fighting       | 4 5 6 7 8 |  8.4
Dodging        | 1 2 3 4 5 |  5.1
Stealth        | 1 |  1.7
Throwing       | 1 2 3 |  3.3
Evocations     | |  0.2

Action                   |  1- 3 |  4- 6 |  7- 9 | 10-12 || total
-------------------------+-------+-------+-------+-------++-------
Melee: Flail             |   105 |   198 |   154 |   434 ||   891
       Whip              |       |       |   219 |       ||   219
Throw: Dart              |       |     2 |    14 |    39 ||    55
Evoke: Wand              |       |       |       |     5 ||     5
  Use: Potion            |       |     1 |     5 |     5 ||    11
       Scroll            |       |     4 |     8 |    13 ||    25
Armor: Scale mail        |    53 |    78 |   178 |   279 ||   588
Dodge: Dodged            |    40 |   125 |   203 |   295 ||   663
Block: Buckler           |    23 |    51 |    78 |    80 ||   232
       Kite shield       |       |       |       |   166 ||   166
       Reflection        |       |       |       |     6 ||     6
